Map: Ephemeron LE

Players

uThermal - Winner!

  • Race: Terran Terran
  • Spawn Location: 11:00

Bly

  • Race: Zerg Zerg
  • Spawn Location: 5:00

VOD

Have the link to the VOD?

Description

Time

  • Played on: Sept. 6, 2019, 1:09 p.m.
  • Length: 15:54
Show
View Real Time Build Order
Export as new Build Order

uThermal Terran - Winner!

Build Orders: Liberator Opening, Reaper Expand 

Get SALT Encoding   

  12  0:01  SCV  
  13  0:14  SCV  
  14  0:17  Supply Depot  
  14  0:26  SCV  
  15  0:39  SCV  
  15  0:40  Barracks  
  16  0:44  Refinery  
  16  0:51  SCV  
  17  1:03  SCV  
  18  1:15  SCV  
  19  1:27  Orbital Command, Reaper  
  20  1:41  Command Center  
  20  1:52  Supply Depot  
  20  1:53  SCV  
  21  1:59  Marine  
  22  2:05  SCV  
  23  2:09  Factory  
  23  2:17  Refinery  
  23  2:18  SCV  
  23  2:21  Barracks Reactor  
  24  2:30  SCV  
  25  2:42  SCV  
  26  2:53  Orbital Command, Starport  
  26  2:54  SCV  
  27  3:01  Hellion  
  27  3:03  Hellion, Barracks Tech Lab  
  31  3:06  SCV  
  32  3:16  Liberator  
  32  3:17  Supply Depot  
  32  3:18  SCV x2  
  34  3:23  Hellion  
  34  3:25  Hellion  
  38  3:30  SCV  
  42  3:37  Marine  
  42  3:38  SCV  
  44  3:42  SCV  
  44  3:43  Supply Depot  
  44  3:46  Hellion  
  49  3:48  Hellion  
  49  3:50  SCV  
  49  3:54  SCV  
  51  3:59  Marine, Stimpack  
  53  4:02  SCV  
  53  4:13  Command Center  
  53  4:20  SCV  
  53  4:22  Marine, Starport Reactor, Supply Depot  
  55  4:25  SCV  
  55  4:30  Factory Tech Lab  
  56  4:37  Barracks x2  
  56  4:40  Marine, SCV  
  58  4:46  SCV  
  58  4:52  Siege Tank  
  62  4:54  SCV  
  62  4:55  Engineering Bay x2  
  62  4:57  Marine  
  63  5:02  Refinery  
  63  5:03  Refinery  
  63  5:04  SCV  
  63  5:05  Starport Reactor  
  64  5:08  SCV  
  58  5:16  SCV  
  58  5:20  Marine, SCV  
  56  5:24  Siege Tank  
  56  5:28  SCV, Orbital Command  
  60  5:31  Marine x2  
  60  5:32  SCV  
  62  5:39  Marine x2  
  62  5:40  SCV  
  65  5:43  Terran Infantry Armor Level 1, Terran Infantry Weapons Level 1  
  65  5:45  SCV  
  65  5:46  Combat Shield  
  65  5:47  Marine  
  65  5:49  Marine  
  68  5:51  Marine  
  68  5:55  SCV  
  68  5:58  Medivac x2  
  68  6:00  Marine x2  
  72  6:05  Marine  
  72  6:07  Marine, Supply Depot  
  72  6:09  Marine  
  78  6:11  Siege Tank  
  78  6:18  Marine x2  
  71  6:26  Marine x2  
  71  6:28  Medivac  
  71  6:29  Marine  
  71  6:30  Medivac  
  72  6:36  Marine x2  
  73  6:44  Marine x2  
  73  6:45  SCV  
  73  6:46  Barracks  
  75  6:47  Marine, Barracks  
  75  6:53  SCV  
  75  6:54  Marine  
  74  6:56  Supply Depot x2  
  74  6:57  Marine, Armory  
  76  7:02  Marine  
  76  7:07  Orbital Command  
  77  7:17  Marine x4, Siege Tank, SCV  
  77  7:21  Marine, SCV  
  87  7:24  Supply Depot  
  87  7:29  SCV  
  88  7:33  SCV  
  88  7:34  Barracks Reactor  
  88  7:35  Marine  
  90  7:37  Marine, SCV  
  90  7:38  Marine  
  90  7:41  Barracks Reactor  
  93  7:45  Marine  
  93  7:46  Marine, SCV  
  93  7:47  Supply Depot  
  96  7:53  Terran Infantry Weapons Level 2  
  96  7:58  Marine, Terran Infantry Armor Level 2  
  91  7:59  Marine  
  91  8:00  SCV  
  91  8:01  SCV  
  91  8:05  Siege Tank  
  98  8:09  Marine  
  98  8:10  SCV, Supply Depot  
  98  8:11  Marine  
  101  8:14  SCV  
  101  8:16  Marine, Supply Depot  
  101  8:17  Terran Vehicle Weapons Level 1  
  101  8:18  SCV  
  101  8:19  Marine  
  105  8:20  Marine  
  105  8:22  Marine  
  105  8:24  SCV  
  105  8:25  Marine  
  109  8:27  Supply Depot  
  109  8:32  SCV  
  109  8:33  Supply Depot  
  110  8:35  Marine x3, Supply Depot  
  110  8:37  Siege Tank  
  110  8:39  SCV  
  110  8:41  SCV  
  118  8:45  Marine  
  119  8:48  SCV  
  119  8:49  Marine  
  119  8:52  SCV  
  119  8:54  Marine  
  119  8:55  Supply Depot  
  123  8:56  SCV  
  123  8:57  Factory, Refinery  
  123  8:59  Missile Turret  
  123  9:01  Missile Turret x2  
  123  9:02  Marine x2, Missile Turret  
  124  9:03  Marine  
  124  9:04  Marine, SCV, Missile Turret  
  124  9:05  Marine x2  
  124  9:07  Marine  
  132  9:11  Siege Tank  
  132  9:14  Marine  
  132  9:15  Marine  
  137  9:20  Marine x2, Supply Depot  
  137  9:21  Marine x2  
  137  9:23  Marine  
  142  9:24  Marine  
  142  9:26  Marine  
  142  9:30  Medivac x2  
  146  9:32  Marine x2  
  146  9:38  Marine x2  
  148  9:39  Supply Depot  
  148  9:45  Marine, Siege Tank  
  151  9:50  Marine, Factory Tech Lab  
  151  9:51  Marine  
  150  9:59  Marine  
  144  10:00  Marine x3, Medivac  
  144  10:03  Marine x2  
  151  10:10  Siege Tank  
  151  10:14  Command Center  
  154  10:17  Siege Tank  
  154  10:18  Marine, Terran Infantry Weapons Level 3  
  158  10:22  Marine x3  
  161  10:29  Terran Infantry Armor Level 3  
  161  10:32  Marine x2  
  163  10:37  Marine  
  163  10:42  Siege Tank  
  167  10:47  Marine, Medivac  
  167  10:49  Marine x3  
  172  10:59  Supply Depot x2  
  172  11:00  Marine, Supply Depot  
  173  11:09  Marine x2  
  172  11:15  Marine  
  173  11:20  Marine  
  173  11:21  Siege Tank x2  
  173  11:22  Marine x2  
  172  11:27  Marine  
  172  11:28  Marine  
  172  11:29  Marine  
  172  11:31  Terran Vehicle Weapons Level 2  
  175  11:35  Barracks  
  175  11:36  Marine, Barracks  
  175  11:37  Barracks  
  175  11:39  Marine x2  
  178  11:40  Marine  
  178  11:43  Marine  
  180  11:52  Marine  
  180  11:53  Siege Tank x2  
  187  11:54  Marine x2  
  187  11:57  Marine  
  187  11:58  Marine  
  187  12:00  Marine  
  192  12:02  Marine  
  192  12:07  Marine x2  
  192  12:10  Marine  
  192  12:12  Marine  
  192  12:14  Medivac  
  176  12:16  Marine  
  174  12:24  Planetary Fortress  
  174  12:25  Siege Tank x2  
  174  12:27  Marine x2  
  174  12:29  SCV  
  180  12:30  Marine x2  
  180  12:35  Concussive Shells, Barracks Tech Lab x3  
  182  12:38  Missile Turret  
  178  12:44  Command Center  
  177  12:53  Marine  
  177  12:57  Siege Tank x2  
  177  12:58  Medivac  
  170  13:04  Marine x2, Marauder x2  
  176  13:12  Marine x2  
  157  13:17  Marauder x2  
  152  13:20  Marine x2  
  152  13:21  Marine, Refinery  
  152  13:22  Refinery  
  152  13:25  Marine x2  
  157  13:29  Siege Tank x2  
  163  13:38  Marine x4, Marauder  
  163  13:39  Marauder  
  171  13:41  Ghost Academy  
  171  13:46  Marine  
  171  13:47  Marauder  
  171  13:50  Medivac  
  171  13:51  Medivac  
  172  14:01  Siege Tank  
  170  14:05  Marine  
  170  14:08  Marine  
  170  14:09  Marine x2, Marauder  
  176  14:10  Siege Tank  
  176  14:15  Marine  
  180  14:17  Command Center  
  180  14:19  Marine, Marauder  
  180  14:20  Medivac  
  180  14:21  Medivac  
  184  14:26  Marine x2  
  184  14:29  Marine x2  
  184  14:30  Marauder  
  179  14:35  SCV x3  
  176  14:44  Planetary Fortress  
  176  14:46  Siege Tank  
  176  14:47  Marine  
  176  14:48  Marine  
  176  14:50  Medivac  
  176  14:51  Medivac  
  185  14:53  Marine, Marauder  
  185  14:58  Siege Tank  
  191  15:04  Marine, Marauder  
  193  15:08  Marine  
  193  15:09  Marauder  
  185  15:18  Siege Tank  
  185  15:20  Marine x2, Marauder, Medivac  
Show
View Real Time Build Order
Export as new Build Order

Bly Zerg 

Build Orders: Hatch First 

Get SALT Encoding   

  12  0:01  Drone  
  13  0:12  Overlord  
  13  0:18  Drone  
  14  0:30  Drone x2  
  16  0:48  Hatchery  
  15  0:51  Drone  
  16  0:57  Drone  
  16  0:59  Drone  
  18  1:11  Extractor  
  18  1:14  Spawning Pool  
  18  1:16  Drone  
  17  1:20  Drone  
  18  1:27  Drone  
  19  1:38  Drone  
  20  1:49  Overlord  
  20  2:00  Queen  
  20  2:01  Queen, Zergling x2  
  24  2:02  Zergling x2  
  26  2:10  Drone  
  26  2:12  Drone  
  26  2:14  Metabolic Boost  
  28  2:27  Drone  
  28  2:28  Drone  
  29  2:34  Drone x2  
  33  2:41  Hatchery  
  30  2:47  Drone  
  30  2:49  Drone  
  32  2:55  Overlord  
  32  3:06  Drone x2  
  34  3:12  Queen  
  34  3:13  Overlord  
  34  3:17  Drone x4  
  39  3:35  Overlord  
  39  3:37  Drone x2  
  39  3:40  Zergling x2  
  42  3:42  Queen  
  42  3:45  Zergling x6  
  42  3:46  Zergling x2  
  48  3:56  Queen  
  48  3:57  Drone x5  
  55  4:05  Drone x2  
  59  4:24  Zergling x8  
  59  4:25  Overlord, Zergling x6  
  59  4:27  Extractor  
  59  4:28  Roach Warren, Extractor  
  59  4:30  Drone x3  
  66  4:34  Overlord  
  66  4:35  Overlord  
  64  4:48  Overlord  
  64  4:49  Overlord  
  64  4:58  Drone x3  
  64  4:59  Drone x3  
  56  5:20  Roach x9  
  67  5:41  Zergling x6  
  70  5:47  Zergling x6  
  70  5:48  Ravager x3  
  76  5:50  Ravager  
  76  5:54  Hatchery  
  76  5:57  Zergling x6  
  79  6:04  Zergling x2  
  79  6:05  Zergling x4  
  79  6:06  Ravager  
  79  6:07  Ravager  
  79  6:09  Zergling x12  
  90  6:12  Ravager  
  82  6:26  Roach x4  
  82  6:32  Drone x5  
  82  6:43  Drone x7  
  82  6:56  Drone x6  
  82  7:01  Evolution Chamber  
  87  7:02  Evolution Chamber  
  87  7:06  Drone x6  
  92  7:16  Lair  
  92  7:22  Roach x6  
  104  7:23  Overlord x2  
  104  7:24  Extractor  
  104  7:28  Zerg Ground Armor Level 1  
  103  7:30  Overlord  
  103  7:31  Zerg Melee Weapons Level 1  
  92  8:04  Drone x7  
  99  8:06  Extractor  
  99  8:07  Extractor  
  99  8:09  Drone x15  
  99  8:11  Ravager  
  99  8:12  Hatchery  
  112  8:14  Glial Reconstitution  
  112  8:17  Ravager, Roach x2, Baneling Nest  
  112  8:18  Roach  
  118  8:23  Roach x2  
  118  8:24  Roach  
  124  8:29  Roach x2  
  128  8:38  Overlord x4  
  128  8:39  Overlord  
  126  9:01  Centrifical Hooks  
  126  9:02  Zergling x12  
  132  9:03  Zergling x26  
  132  9:04  Burrow  
  144  9:27  Zerg Ground Armor Level 2  
  144  9:28  Zerg Melee Weapons Level 2  
  144  9:31  Roach x7  
  154  9:39  Drone  
  154  9:40  Drone x5  
  152  9:56  Roach x11  
  165  10:12  Spore Crawler  
  165  10:13  Tunneling Claws  
  164  10:19  Baneling x15  
  164  10:21  Zergling x4  
  166  10:24  Overlord x8  
  152  10:54  Zergling x34  
  152  10:55  Zergling x4  
  152  10:56  Ravager x8  
  179  10:59  Zergling x2  
  179  11:02  Roach x17  
  171  11:20  Hatchery  
  170  11:30  Zergling x24  
  182  11:41  Roach x16  
  182  11:53  Queen x2  
  186  11:55  Drone x3  
  186  11:58  Infestation Pit  
  166  12:10  Roach x9  
  140  12:27  Zergling x18  
  140  12:29  Baneling x19  
  149  12:42  Drone x4  
  153  12:49  Hatchery  
  142  12:59  Zergling x20  
  149  13:13  Hatchery  
  146  13:20  Hive  
  146  13:21  Spire  
  146  13:26  Roach x8  
  145  13:39  Drone  
  145  13:40  Drone x9  
  155  13:44  Roach x8  
  153  13:50  Roach  
  153  13:54  Roach  
  151  13:57  Roach x3  
  151  13:58  Roach  
  141  14:14  Roach  
  132  14:20  Roach x9  
  131  14:29  Baneling x4  
  131  14:30  Baneling x4  
  126  14:38  Drone x3  
  126  14:41  Ravager  
  126  14:42  Ravager x3  
  132  14:46  Roach  
  132  14:49  Roach  
  132  14:52  Roach x2, Infestor x2  
  136  14:54  Roach  
  123  15:19  Zergling x24  
Tags
 
Add a new tag
Caveats
  • Supply blocks, unpowered buildings, or Contaminate may cause inaccurate times.
  • Supply counts are checked every 10 seconds.